Map: King Sejong Station LE

Players

prosprobes - Winner!

  • Race: Protoss Protoss
  • League: Bronze

Gracz

  • Race: Zerg Zerg
  • League: Bronze

VOD

Have the link to the VOD?

Description

Time

  • Played on: Aug. 31, 2016, 10:38 a.m.
  • Length: 11:59
Show
View Real Time Build Order
Export as new Build Order

prosprobes Protoss - Winner!

Build Orders: Cannon Rush 

Get SALT Encoding   

  12  0:13  Pylon  
  12  0:31  Forge  
  12  0:54  Pylon  
  12  0:56  Pylon  
  12  1:17  Photon Cannon  
  12  1:18  Photon Cannon  
  12  1:27  Photon Cannon  
  12  1:58  Photon Cannon  
  12  2:00  Photon Cannon  
  12  2:09  Pylon  
  12  2:34  Gateway  
  12  2:36  Gateway  
  12  2:47  Photon Cannon  
  12  3:30  Assimilator  
  12  3:37  Assimilator  
  12  3:42  Zealot x2  
  12  3:46  Photon Cannon  
  12  3:48  Photon Cannon  
  16  4:09  Zealot x2  
  20  4:29  Probe (Chrono Boost)  
  21  4:36  Zealot x2  
  25  4:40  Probe (Chrono Boost)  
  26  4:50  Probe (Chrono Boost)  
  27  5:47  Pylon  
  25  6:18  Cybernetics Core  
  23  7:12  Stalker x2  
  19  7:26  Warp Gate  
  19  7:42  Stalker x2  
  23  8:12  Stalker x2  
  27  8:54  Stalker x2  
  29  9:24  Stalker x2  
  33  10:20  Stalker x2  
  37  10:54  Stalker x2  
Show
View Real Time Build Order
Export as new Build Order

Gracz Zerg 

Build Orders: Pool First 

Get SALT Encoding   

  12  0:03  Drone  
  13  0:15  Drone  
  14  0:28  Spawning Pool  
  14  0:29  Drone  
  14  0:46  Overlord x2  
  14  1:05  Drone x2  
  16  1:13  Drone  
  17  1:26  Zergling x2  
  17  1:27  Spine Crawler  
  17  1:32  Spine Crawler  
  16  1:42  Drone x2  
  17  2:07  Extractor  
  16  2:08  Drone  
  16  2:09  Extractor, Drone  
  17  2:28  Queen  
  19  2:38  Drone x3  
  22  3:02  Spine Crawler  
  21  3:22  Lair  
  21  3:32  Evolution Chamber  
  20  4:01  Zerg Melee Weapons Level 1  
  20  4:28  Hydralisk Den  
  19  4:32  Queen  
  21  4:42  Hatchery  
  18  5:32  Hydralisk x3  
  19  5:54  Queen  
  15  6:39  Hydralisk x3  
  19  6:47  Nydus Network  
  18  7:21  Queen  
  20  7:41  Hydralisk  
  20  7:42  Hydralisk x2  
  26  7:57  Queen  
  28  8:20  Nydus Canal  
  28  8:49  Hatchery  
  27  10:15  Overlord  
  27  10:29  Spawning Pool  
  26  10:54  Drone  
  26  10:55  Drone  
  28  10:58  Overlord x2  
  28  11:25  Hydralisk Den  
  27  11:29  Spire  
Tags
 
Add a new tag
Caveats
  • Supply blocks, unpowered buildings, or Contaminate may cause inaccurate times.
  • Supply counts are checked every 10 seconds.